 Dungeon Crawl Stone Soup version 0.29-a0-542-g075992c915 (webtiles) character file.

Game seed: 11853671440741826325

126 oldriver the Skirmisher (level 4, -1/40 HPs)
             Began as a Palentonga Delver on June 4, 2022.
             Slain by an orc wizard
             ... wielding a +0 dagger
              (2 damage)
             ... on level 3 of the Dungeon.
             The game lasted 00:02:53 (2383 turns).

oldriver the Skirmisher (Palentonga Delver)         Turns: 2383, Time: 00:02:53

Health: -1/40      AC:  4    Str: 18    XL:     4   Next: 84%
Magic:  4/4        EV:  9    Int: 10    God:
Gold:   71         SH:  0    Dex: 11    Spells: 3/3 levels left

rFire   . . .      SeeInvis +   a - +0 hand axe
rCold   . . .      Faith    .   (no shield)
rNeg    . . .      Spirit   .   s - +0 leather armour
rPois   .          Reflect  .   (no helmet)
rElec   .          Harm     .   (no cloak)
rCorr   .          Rampage  .   (no gloves)
Will    .....                   (no barding)
Stlth   ++........              (no amulet)
HPRegen 0.13/turn               (no ring)
MPRegen 0.09/turn               (no ring)

@: hasted, studying Polearms, very quick
A: large, rugged brown scales 3, see invisible, deformed body, roll 1, armoured
tail
a: Rolling Charge


You were on level 3 of the Dungeon.
You visited 1 branch of the dungeon, and saw 5 of its levels.

You collected 71 gold pieces.

Inventory:

Hand Weapons
 a - a +0 hand axe (weapon)
 b - a +3 hunting sling
Armour
 s - a +0 leather armour (worn)
Wands
 g - a wand of digging (3)
 r - a wand of flame (20)
Scrolls
 c - 3 scrolls of fog
 d - 2 scrolls of magic mapping
 e - a scroll of fear
 j - a scroll of summoning {unknown}
 l - a scroll of enchant weapon {unknown}
 m - a scroll of immolation {unknown}
 n - 2 scrolls of poison {unknown}
 p - a scroll of identify {unknown}
Potions
 h - a potion of heal wounds {unknown}
 i - a potion of magic {unknown}
 k - a potion of berserk rage {unknown}
 o - a potion of brilliance {unknown}
 q - 2 potions of might {unknown}


   Skills:
 + Level 4.8 Fighting
 - Level 3.4 Axes
 - Level 1.5 Dodging
 - Level 3.3 Stealth


You had 3 spell levels left.
You didn't know any spells.
Your spell library was empty.

Dungeon Overview and Level Annotations

Branches:
Dungeon (5/15)
 Temple: D:4-7

Altars:

Shops:
D:2 [


Innate Abilities, Weirdness & Mutations

You are completely covered in rugged brown scales. (AC +3, +7% HP)
You have supernaturally acute eyesight. (SInv)
Armour fits poorly on your strangely shaped body.
You can roll at nearby foes to attack.
You have a long armoured tail.


Message History

The orc hits you with a +0 club. The orc hits you with a +0 short sword.
The orc barely misses you.
You feel yourself speed up.
The orc wizard gestures at you while chanting.
The puff of flame hits you!
* * * LOW HITPOINT WARNING * * *
The orc barely misses you. x2; The orc hits you with a +0 club.
* * * LOW HITPOINT WARNING * * *
Unknown command.
You hit the orc wizard. You tail-slap the orc wizard.
The orc wizard is severely wounded.
You hit the orc. x2
You kill the orc!
You barely miss the orc.
The orc wizard casts a spell.
The orc wizard flickers and vanishes for a moment.
The orc hits you with a +0 club.
* * * LOW HITPOINT WARNING * * *
The orc hits you but does no damage.
You barely miss the orc wizard.
Your tail-slap misses the orc wizard.
The orc wizard is severely wounded.
You hit the orc but do no damage. You hit the orc.
You kill the orc!
The orc wizard closely misses you. The orc hits you but does no damage.
You closely miss the orc wizard.
The orc wizard is severely wounded.
You barely miss the orc.
The orc wizard hits you but does no damage.
The orc hits you but does no damage.
You hit the orc. You tail-slap the orc.
You kill the orc!
You closely miss the orc wizard.
The orc wizard points at you and mumbles some strange words.
You resist with some effort.
You hit the orc wizard but do no damage.
The orc wizard is severely wounded.
You hit the orc wizard but do no damage.
The orc wizard is severely wounded.
The orc wizard hits you with a +0 dagger.
You die...

#>......)..####### ## ##
########...# . $# ###.## # .#..
##.#### #...# #. ... .....# #...#
#.##.##.# #..#.# #...# #.......#
##....# #...# #....<.# #.....#
#...# #.#.##.##
.##....#######.)@##### #o#..#.##
.......#.......)o).....##.o.....#
#......................#.#.#...
#..<##...............##.......#
#...########...########.#.###.#
#..## #...# #.#.###.. #.<# #)..#
#........ #.†# #....... #.....†..
#..# #.#...#. #######......


You could see an orc wizard (invisible).

Vanquished Creatures
  Jessica (D:2)
  An adder (D:2)
  A white imp (D:3)
  3 dart slugs
  4 orcs (D:3)
  7 endoplasms
  3 giant cockroaches
  7 goblins
  7 hobgoblins
  7 jackals (D:2)
  4 quokkas
  5 ball pythons
  2 bats (D:2)
  4 frilled lizards
  5 kobolds
  6 rats
67 creatures vanquished.

Notes
Turn   | Place    | Note
-------+----------+-------------------------------------------
     0 | D:5      | oldriver the Palentonga Delver began the quest for the Orb.
     0 | D:5      | Reached XP level 1. HP: 19/19 MP: 1/1
    26 | D:3      | Found a faded altar of an unknown god.
   126 | D:3      | Noticed an orc wizard
   130 | D:3      | Reached XP level 2. HP: 25/25 MP: 2/2
   651 | D:1      | Reached XP level 3. HP: 28/32 MP: 3/3
   734 | D:1      | Reached skill level 4 in Fighting
  1324 | D:2      | Found Werives's Armour Boutique.
  1548 | D:2      | Noticed Jessica
  1556 | D:2      | Killed Jessica
  1557 | D:2      | Reached XP level 4. HP: 39/40 MP: 4/4
  2378 | D:3      | HP: 1/40 [orc/+0 club (4)]
  2383 | D:3      | Slain by an orc wizard

Illustrated notes

Levels and vault maps discovered:
D:1:      roderic_crossed_star, layout_loops_ring, minmay_cupped
D:2:      layout_basic, serial_shops, shop, uniq_jessica
D:3:      layout_loops_cross, dreamdust_ecumenical_altar_statues
D:4:      kennysheep_the_goblin_king, layout_rooms, minmay_temple_entry_mist
D:5:      layout_cave_pools, uniq_eustachio

Skill      XL: |  1  2  3 |
---------------+----------+-----
Fighting       | 4 |  4.8
Axes           | 3 |  3.4
Dodging        | |  1.5
Stealth        | |  3.3

Action                   |  1- 3 |  4- 6 || total
-------------------------+-------+-------++-------
Melee: Hand axe          |   109 |    52 ||   161
       Tailslap          |    13 |     6 ||    19
       Punch             |     1 |       ||     1
 Fire: Hunting sling     |       |     8 ||     8
 Abil: Rolling Charge    |    14 |     8 ||    22
  Use: Potion            |       |     1 ||     1
 Stab: Sleeping          |     2 |       ||     2
Armor: Leather armour    |    36 |    32 ||    68
Dodge: Dodged            |    62 |    45 ||   107

Table legend: (Time is in decaauts)
 A = Elapsed time spent in this place.
 B = Non-inter-level travel time spent in this place.
 C = Inter-level travel time spent in this place.
 D = Time resting spent in this place.
 E = Time spent auto-exploring this place.
 F = Levels seen in this place.
 G = Mean time per level.
                   A        B        C        D        E       F      G
               +--------+--------+--------+--------+--------+-----+--------+
         Total |   2410 |   2376 |     34 |    280 |   1661 |   5 |  482.0 |
       Dungeon |   2410 |   2376 |     34 |    280 |   1661 |   5 |  482.0 |
               +--------+--------+--------+--------+--------+-----+--------+

Top non-repeatable levels by time:
     D:1: 1106 daAuts
     D:2: 899 daAuts
     D:3: 380 daAuts
     D:5: 18 daAuts
     D:4: 5 daAuts
